 Dungeon Crawl Stone Soup version 0.30-a0-263-ge22c4ad894 (webtiles) character file.

Game seed: 15121575587463207990

142 koil the Sneak (level 5, 0/25 HPs)
             Began as a Spriggan Enchanter on Oct 14, 2022.
             Slain by drugrobin's ghost (5 damage)
             ... on level 3 of the Dungeon.
             The game lasted 00:09:26 (3046 turns).

koil the Sneak (Spriggan Enchanter)                 Turns: 3046, Time: 00:09:26

Health: 0/25       AC:  2    Str:  4      XL:     5   Next: 4%
Magic:  7/11       EV: 16    Int: 17      God:
Gold:   115        SH:  0    Dex:  5 (17) Spells: 4/11 levels left

rFire   . . .      SeeInvis +    a - +1 dagger
rCold   . . .      Faith    .    (no shield)
rNeg    . . .      Spirit   .    b - +0 robe
rPois   .          Reflect  .    (helmet restricted)
rElec   .          Harm     .    (no cloak)
rCorr   .          Rampage  .    (gloves unavailable)
Will    .....                    (boots unavailable)
Stlth   ++........               (no amulet)
HPRegen 0.24/turn                (no ring)
MPRegen 0.12/turn                (no ring)

@: confusing by touch, very quick
A: very small, no large weapons, unfitting armour, see invisible, speed 3
a: no special abilities


You were on level 3 of the Dungeon.
You visited 1 branch of the dungeon, and saw 3 of its levels.

You collected 115 gold pieces.

Inventory:

Hand Weapons
 a - a +1 dagger (weapon)
 n - a +1 vorpal hand axe
Missiles
 g - 3 poisoned darts (quivered)
Armour
 b - a +0 robe (worn)
Jewellery
 o - a +6 ring of dexterity
Scrolls
 d - a scroll of teleportation {unknown}
 e - 4 scrolls of identify {unknown}
 f - a scroll of immolation {unknown}
 i - 3 scrolls of poison {unknown}
 j - 2 scrolls of fear {unknown}
 l - 3 scrolls of brand weapon {unknown}
 m - a scroll of noise {unknown}
Potions
 c - 2 potions of invisibility
 h - a potion of might {unknown}
 k - a potion of curing {unknown}


   Skills:
 + Level 1.2 Fighting
 + Level 2.1 Short Blades
 + Level 3.5 Dodging
 + Level 5.6 Stealth
 + Level 3.5 Spellcasting
 + Level 4.2 Hexes
 + Level 1.0 Poison Magic


You had 4 spell levels left.
You knew the following spells:

 Your Spells              Type           Power      Damage    Failure   Level
a - Ensorcelled Hibernat  Hex/Ice        20%        N/A       11%         2
b - Confusing Touch       Hex            17%        N/A       9%          3
c - Poisonous Vapours     Pois/Air       8%         N/A       21%         2

Your spell library contained the following spells:

 Spells                   Type           Power      Damage    Failure   Level
 Tukima's Dance           Hex            17%        N/A       9%          3
 Dazzling Flash           Conj/Hex       20%        N/A       21%         3
 Cigotuvi's Dreadful Rot  Necr/Pois/Air  8%         N/A       22%         2
 Spider Form              Tmut/Pois      4%         N/A       38%         3
 Ignite Poison            Fire/Tmut/Pois 4%         N/A       41%         3
 Mephitic Cloud           Conj/Pois/Air  4%         N/A       41%         3
 Anguish                  Hex/Necr       5%         N/A       56%         4
 Sticky Flame             Conj/Fire      2%         2d3       86%         4
 Ignition                 Fire           1%         3d3       100%        8


Dungeon Overview and Level Annotations

Branches:
Dungeon (3/15)

Altars:
Ru

Shops:
D:3 *

Annotations:
D:3 drugrobin's ghost, weakling DgDe


Innate Abilities, Weirdness & Mutations

You are very small and have problems with some larger weapons.
You are too small for most types of armour.
You have supernaturally acute eyesight. (SInv)
You cover ground extremely quickly. (Speed+++)


Message History

You hit drugrobin's ghost but do no damage.
Drugrobin's ghost is moderately damaged.
Drugrobin's ghost closely misses you.
Drugrobin's ghost hits itself.
You hit drugrobin's ghost.
Drugrobin's ghost is heavily damaged.
You completely miss drugrobin's ghost.
Drugrobin's ghost is heavily damaged.
You hit drugrobin's ghost but do no damage.
Drugrobin's ghost is heavily damaged.
You catch the helpless drugrobin's ghost completely off-guard!
You hit drugrobin's ghost.
You punch drugrobin's ghost, but do no damage.
Drugrobin's ghost is severely damaged.
Drugrobin's ghost completely misses you.
You hit drugrobin's ghost.
Drugrobin's ghost is severely damaged.
You hit drugrobin's ghost but do no damage.
Drugrobin's ghost is severely damaged.
Drugrobin's ghost seems less confused.
Drugrobin's ghost lets out a mournful wail.
Drugrobin's ghost barely misses you.
You hit drugrobin's ghost but do no damage.
Drugrobin's ghost is severely damaged.
Drugrobin's ghost closely misses you.
You closely miss drugrobin's ghost.
Drugrobin's ghost is severely damaged.
Drugrobin's ghost makes a sound of rattling chains.
Drugrobin's ghost hits you!
* * * LOW HITPOINT WARNING * * *
You hit drugrobin's ghost but do no damage.
Drugrobin's ghost is severely damaged.
Drugrobin's ghost hits you but does no damage.
Casting: Confusing Touch (quite dangerous; 9% risk of failure)
Confirm with . or Enter, or press ? or * to list all spells.
The spell is quite dangerous to miscast (9% risk of failure)!
Continue anyway?
Your hands begin to glow red.
Drugrobin's ghost barely misses you.
You hit drugrobin's ghost but do no damage.
Drugrobin's ghost is severely damaged.
Drugrobin's ghost hits you.
You die...

.# ####.##...#### #.# # .#
##.....#.# #.# # .#####...####.#
#.# ######
.#.....#.####)#########.####.....
.................................
...#####.####...............#####
..............#########.###.#####
...............##### #.###......
.....###.####...@..####.##.......
.....###.###.....W....#.###..#.##
≈≈≈≈.........####©###...# #..#.##
.....###.#####..###.##..###..#.##
≈≈.≈.....#[...#......##........##
...≈....##...#...#....#.####.####
_..≈..#.#......#..##..#.## #.# #
...≈....#..##$.©..#5.©#..###.####
≈≈.≈..#.#.....#..5..#.##.........


You could see drugrobin's ghost.

Vanquished Creatures
  2 quasits (D:3)
  An adder (D:3)
  3 worms
  2 orcs (D:3)
  7 ball pythons
  3 bats
  7 endoplasms
  5 giant cockroaches
  3 goblins
  7 hobgoblins
  5 kobolds
  A quokka (D:3)
  4 frilled lizards
  5 rats
55 creatures vanquished.

Vanquished Creatures (others)
  A plant (D:2)
1 creature vanquished.

Grand Total: 56 creatures vanquished

Notes
Turn   | Place    | Note
-------+----------+-------------------------------------------
     0 | D:1      | koil the Spriggan Enchanter began the quest for the Orb.
     0 | D:1      | Reached XP level 1. HP: 9/9 MP: 5/5
   135 | D:1      | Reached XP level 2. HP: 6/13 MP: 6/6
   138 | D:1      | Learned a level 2 spell: Ensorcelled Hibernation
   819 | D:2      | Reached XP level 3. HP: 17/17 MP: 8/8
   823 | D:2      | Learned a level 3 spell: Confusing Touch
   826 | D:2      | Learned a level 2 spell: Poisonous Vapours
  1039 | D:2      | Reached skill level 5 in Stealth
  1643 | D:3      | Found a faded altar of an unknown god.
  1681 | D:3      | Found a transporter.
  1681 | D:3      | Noticed drugrobin's ghost (weakling DgDe)
  1742 | D:3      | Found a sacrificial altar of Ru.
  1816 | D:3      | Reached XP level 4. HP: 21/21 MP: 3/9
  1932 | D:3      | Found a transporter.
  1987 | D:3      | Reached skill level 1 in Fighting
  2173 | D:3      | Found Jus Rix's Assorted Antiques.
  2890 | D:3      | Reached skill level 1 in Poison Magic
  2890 | D:3      | Reached XP level 5. HP: 8/25 MP: 3/11
  3046 | D:3      | Slain by drugrobin's ghost

Illustrated notes

Levels and vault maps discovered:
D:1:      dpeg_arrival_water_temple_mockup, layout_basic, reono_crystal_passage
D:2:      layout_basic, serial_forest, infiniplex_forest_clump_small,
          infiniplex_forest_zigzag_1, infiniplex_forest_lined_3,
          infiniplex_forest_lined_1, infiniplex_forest_clump_diagonal,
          infiniplex_forest_clump_small
D:3:      layout_basic, mainiacjoe_overflow_cross_hatched, serial_shops,
          nicolae_diamond_shop, gammafunk_ghost_stat_death,
          chequers_ecumenical_altar_simple_redux

Skill      XL: |  1  2  3  4 |
---------------+-------------+-----
Dodging        | 3 |  3.5
Spellcasting   | 3 |  3.5
Stealth        | 5 |  5.6
Hexes          | 4 |  4.2
Fighting       | 1 |  1.2
Short Blades   | 2 |  2.1
Poison Magic   | 1 |  1.0

Action                   |  1- 3 |  4- 6 || total
-------------------------+-------+-------++-------
Melee: Dagger            |   131 |   138 ||   269
       Punch             |     1 |     2 ||     3
 Cast: Ensorcelled Hiber |    10 |     7 ||    17
       Confusing Touch   |       |     8 ||     8
 Stab: Sleeping          |    19 |     4 ||    23
       Distracted        |     1 |       ||     1
       Confused          |       |     2 ||     2
Armor: Robe              |     3 |    35 ||    38
Dodge: Dodged            |    65 |   171 ||   236

Table legend: (Time is in decaauts)
 A = Elapsed time spent in this place.
 B = Non-inter-level travel time spent in this place.
 C = Inter-level travel time spent in this place.
 D = Time resting spent in this place.
 E = Time spent auto-exploring this place.
 F = Levels seen in this place.
 G = Mean time per level.
                   A        B        C        D        E       F      G
               +--------+--------+--------+--------+--------+-----+--------+
         Total |   2157 |   2114 |     43 |    297 |   1213 |   3 |  719.0 |
       Dungeon |   2157 |   2114 |     43 |    297 |   1213 |   3 |  719.0 |
               +--------+--------+--------+--------+--------+-----+--------+

Top non-repeatable levels by time:
     D:3: 1060 daAuts
     D:2: 553 daAuts
     D:1: 543 daAuts
